Map: Catalyst LE

Players

llllllllll

  • Race: Terran Terran
  • League: Platinum
  • Spawn Location: 5:00

Juxtapose - Winner!

  • Race: Protoss Protoss
  • League: Platinum
  • Spawn Location: 11:00

VOD

https://youtu.be/_p_v2Hs31s0

Description

My opponent decided to go for some proxy Barracks and a Bunker, which made for an interesting situation for me to deal with.

On an aside, I've now vetoed Eastwatch, which I believe is the first map I've ever vetoed.

Time

  • Played on: Feb. 13, 2018, 8:17 p.m.
  • Length: 6:48
Show
View Real Time Build Order
Export as new Build Order

llllllllll Terran 

Build Orders:  

Get SALT Encoding   

  12  0:00  SCV  
  13  0:12  SCV  
  14  0:17  Supply Depot  
  14  0:24  SCV  
  15  0:39  SCV  
  15  0:40  Barracks  
  16  0:51  SCV, Refinery  
  17  1:03  SCV  
  18  1:15  SCV  
  19  1:27  SCV  
  19  1:29  Marine, Supply Depot  
  21  1:43  Barracks  
  21  1:44  SCV  
  22  1:48  Marine, Barracks  
  23  2:02  SCV  
  24  2:09  Marine  
  24  2:13  Barracks  
  25  2:16  SCV  
  26  2:27  Marine  
  26  2:28  SCV  
  28  2:30  Factory  
  28  2:43  Marine  
  29  2:44  Marine  
  29  2:45  Marine  
  29  2:48  Bunker  
  31  3:09  Orbital Command  
  31  3:11  Marine  
  31  3:13  Marine  
  31  3:15  Marine  
  31  3:23  Supply Depot  
  31  3:35  Marine  
  31  3:39  Marine  
  31  3:43  Factory Tech Lab  
  31  3:45  Marine x2  
  31  3:47  Starport  
  33  3:53  Marine  
  34  3:57  Marine  
  34  4:00  Supply Depot  
  34  4:02  Marine, Siege Tank  
  39  4:17  Marine  
  39  4:21  Marine, SCV  
  39  4:23  Starport Reactor, Barracks Reactor  
  41  4:26  Barracks Tech Lab  
  41  4:35  Marine  
  42  4:39  Marine  
  43  4:51  Command Center  
  43  4:53  Marine  
  42  5:02  Marine x4  
  46  5:09  Supply Depot  
  46  5:11  Marine  
  47  5:30  Marine x4, Medivac  
  52  5:55  Marine x4  
  56  6:07  Orbital Command  
  56  6:09  Command Center  
  56  6:16  Supply Depot  
Show
View Real Time Build Order
Export as new Build Order

Juxtapose Protoss - Winner!

Build Orders:  

Get SALT Encoding   

  12  0:01  Probe  
  13  0:13  Probe  
  14  0:22  Pylon  
  14  0:25  Probe  
  15  0:40  Probe  
  16  0:44  Gateway  
  16  0:52  Assimilator, Probe  
  17  1:04  Probe  
  17  1:05  Pylon  
  18  1:16  Probe  
  18  1:17  Assimilator  
  19  1:28  Probe  
  20  1:38  Cybernetics Core  
  20  1:53  Assimilator  
  18  2:02  Zealot  
  18  2:03  Probe  
  21  2:13  Gateway  
  21  2:15  Probe  
  21  2:17  Pylon  
  21  2:19  Shield Battery  
  21  2:22  Shield Battery  
  22  2:27  Probe  
  23  2:41  Adept  
  25  2:49  Probe  
  26  2:51  Warp Gate  
  26  3:02  Adept  
  26  3:24  Adept  
  28  3:36  Robotics Facility  
  28  3:49  Forge  
  28  3:52  Pylon  
  28  4:05  Gateway  
  28  4:12  Stalker x2  
  32  4:34  Photon Cannon, Warp Prism  
  32  4:35  Protoss Ground Weapons Level 1 (Chrono Boost)  
  34  4:58  Twilight Council  
  34  5:13  Immortal (Chrono Boost)  
  38  5:43  Immortal  
  42  6:09  Zealot x2  
  46  6:19  Pylon  
  46  6:22  Pylon  
  46  6:27  Dark Shrine  
  36  6:42  Stalker x2  
Tags
 
Add a new tag
Caveats
  • Supply blocks, unpowered buildings, or Contaminate may cause inaccurate times.
  • Supply counts are checked every 10 seconds.